 Dungeon Crawl Stone Soup version 0.22.1-5-g62c59d9 (console) character file.

22255 erker the Cleaver (level 12, -4/106 HPs)
             Began as a Deep Dwarf Fighter on Jan 12, 2019.
             Was an Elder of Makhleb.
             Slain by a komodo dragon (22 damage)
             ... on level 1 of the Lair of Beasts.
             The game lasted 01:18:38 (10834 turns).

erker the Cleaver (Deep Dwarf Fighter)             Turns: 10834, Time: 01:18:39

Health: -4/106     AC: 17    Str: 27    XL:     12   Next: 61%
Magic:  9/9        EV:  8    Int: 10    God:    Makhleb [****..]
Gold:   493        SH: 12    Dex: 12    Spells: 11/11 levels left

rFire    . . .     SeeInvis .   a - +0 broad axe
rCold    + . .     Gourm    .   c - +0 shield
rNeg     . . .     Faith    .   G - +0 plate armour
rPois    .         Spirit   .   d - +0 helmet
rElec    .         Reflect  .   (no cloak)
rCorr    .         Harm     +   B - +0 pair of gloves
MR       +....                  (no boots)
Stlth    ..........             y - amulet of harm
HPRegen  0.00/turn              i - ring of protection from cold
MPRegen  0.11/turn              m - +3 ring of strength

@: non-regenerating
A: damage resistance, heal wounds, sense surroundings 2, no regeneration
a: Heal Wounds, Minor Destruction, Lesser Servant of Makhleb, Major Destruction,
Renounce Religion


You were on level 1 of the Lair of Beasts.
You worshipped Makhleb.
Makhleb was greatly pleased with you.
You were not hungry.

You visited 3 branches of the dungeon, and saw 15 of its levels.

You collected 493 gold pieces.

Inventory:

Hand Weapons
 a - a +0 broad axe (weapon)
 b - a +6 double sword
 A - a +0 hand axe of freezing
Missiles
 o - 106 bolts
 r - 8 javelins (quivered)
 C - 34 poisoned needles
 F - 8 needles of confusion
 T - 4 needles of sleeping
Armour
 c - a +0 shield (worn)
 d - a +0 helmet (worn)
 B - a +0 pair of gloves (worn)
 D - a +2 leather armour of fire resistance
 G - a +0 plate armour (worn)
Jewellery
 i - a ring of protection from cold (left hand)
 m - a +3 ring of strength (right hand)
 y - an amulet of harm (around neck)
Wands
 k - a wand of paralysis (11)
 M - a wand of iceblast (10)
 O - a wand of clouds (7)
 R - a wand of disintegration (14)
Scrolls
 g - 2 scrolls of enchant armour {unknown}
 h - a scroll of teleportation
 j - a scroll of blinking
 l - 8 scrolls of remove curse
 p - 5 scrolls of identify
 s - a scroll of immolation {unknown}
 t - 3 scrolls of noise {unknown}
 u - a scroll of random uselessness {unknown}
 w - 3 scrolls of amnesia {unknown}
 H - 2 scrolls of magic mapping {unknown}
 I - a scroll of enchant weapon {unknown}
 K - a scroll of torment {unknown}
 L - a scroll of fear {unknown}
 P - a scroll of brand weapon {unknown}
Potions
 e - a potion of brilliance
 n - 2 potions of curing
 q - a potion of degeneration {unknown}
 v - 2 potions of cancellation
 x - a potion of invisibility {unknown}
 z - 2 potions of resistance
 E - 4 potions of haste
 J - 2 potions of flight
 N - 3 potions of heal wounds
 Q - a potion of berserk rage
Comestibles
 f - 26 rations


   Skills:
 - Level 6.9 Fighting
 + Level 7.6 Long Blades
 - Level 13.5 Axes
 - Level 9.3 Armour
 - Level 3.9 Dodging
 - Level 8.8 Shields
 - Level 10.2 Evocations


You had 11 spell levels left.
You didn't know any spells.
Your spell library contained the following spells:

 Spells                   Type           Power        Failure   Level  Hunger
 Summon Butterflies       Summ           #.......     100%        1    ##.....
 Call Canine Familiar     Summ           #.......     100%        3    ####...
 Summon Ice Beast         Ice/Summ       #.......     100%        4    #####..
 Summon Mana Viper        Hex/Summ       #.......     100%        5    ######.
 Summon Hydra             Summ           #.........   100%        7    #######


Dungeon Overview and Level Annotations

Branches:
Dungeon (13/15)            Temple (1/1) D:4            Lair (1/6) D:8
    Orc (0/2) D:12         Vaults (0/5) D:13

Altars:
Ashenzari
Cheibriados
Dithmenos
Elyvilon
Fedhas
Gozag
Hepliaklqana
Kikubaaqudgha
Makhleb
Nemelex Xobeh
Okawaru
Qazlal
Ru
Sif Muna
Trog
Uskayaw
Vehumet
Wu Jian
Xom
Yredelemnul
Zin
The Shining One
Lugonu

Annotations:
D:12 exclusion: 3 doors
D:13 Nessos
Lair:1 exclusion: oklob plant


Innate Abilities, Weirdness & Mutations

You are resistant to damage.
You can heal yourself by infusing magical energy.
You passively map the area around you.
You do not regenerate.


Message History

The crocodile is heavily wounded.
The crocodile bites you.
You barely miss the crocodile.
The crocodile is heavily wounded.
The crocodile bites you but does no damage.
You slice the crocodile!!
You kill the crocodile!
Makhleb accepts your kill.
You slash the komodo dragon! You slash the komodo dragon!
The komodo dragon is severely wounded.
You block the komodo dragon's attack.
You barely miss the komodo dragon.
The komodo dragon is severely wounded.
The komodo dragon bites you!!
* * * LOW HITPOINT WARNING * * *
Your plate armour prevents you from hitting the komodo dragon.
The komodo dragon is severely wounded.
The komodo dragon bites you!!
You die...

, , , *#..# ##.... *
,......(, #...####..... ,
,#......####.....P#...###
, *#.....P.............##
, ,#....................#
* ,
...................#.# *
.....................###
* ,
.......l..............P#
*
.......@................
,,
,..).....................
* ,,,
........................
..:.....##.###..........
, ,,...#.#######
###....#... ** , ##..#
#P...###. ** ##. *
####..##.# . #.##.....# *
, ##..#P.#..


You could see a komodo dragon.

Vanquished Creatures
  Rupert (D:12)
  Snorg (D:11)
  A two-headed ogre (D:12)
  An unseen horror (D:11)
  An orb spider (D:10)
  2 ugly things
  A cyclops (D:12)
  A black mamba (Lair:1)
  A centaur zombie (D:12)
  Psyche (D:9)
  A spiny frog (Lair:1)
  2 centaur skeletons
  3 kobold demonologists (D:11)
  A komodo dragon (D:10)
  2 trolls
  5 hornets
  A blink frog (Lair:1)
  2 hippogriffs
  14 yaks
  Sigmund (D:6)
  2 water elementals (D:12)
  2 vampires
  6 vampire mosquitoes
  A hungry ghost (D:8)
  2 wraiths (D:11)
  Grum (D:9)
  An insubstantial wisp (D:10)
  A soldier ant (D:12)
  Duvessa (D:4)
  2 water moccasins
  A porcupine (Lair:1)
  7 sky beasts
  7 orc warriors (D:12)
  An eye of draining (D:12)
  4 ice beasts
  2 black bears
  5 ogres
  2 wolves (D:9)
  3 phantoms
  A necrophage (D:10)
  3 centaurs
  3 crocodiles
  10 bullfrogs
  A water moccasin zombie (D:6)
  A water moccasin skeleton (D:7)
  Dowan (D:4)
  8 scorpions
  8 killer bees
  6 wights
  2 howler monkeys
  5 electric eels (D:11)
  6 crimson imps
  13 orc priests
  A bullfrog zombie (D:11)
  8 jellies
  A bullfrog skeleton (D:7)
  5 hounds
  16 orc wizards
  2 iguanas
  8 worker ants
  2 killer bee zombies
  4 gnolls (D:6)
  16 adders
  3 shadow imps
  7 oozes
  An adder skeleton (D:5)
  4 worms
  A dart slug (D:1)
  5 leopard geckos
  33 orcs
  3 giant cockroaches
  11 goblins
  6 hobgoblins
  4 jackals
  18 kobolds
  3 quokkas
  A ball python (D:5)
  3 bats (D:1)
  4 frilled lizards
  2 quokka skeletons (D:5)
  10 rats
  A plant (D:10)
345 creatures vanquished.

Vanquished Creatures (others)
  A demonic plant (D:11)
  A fungus (D:10)
  2 plants
4 creatures vanquished.

Grand Total: 349 creatures vanquished

Notes
Turn   | Place    | Note
-------+----------+-------------------------------------------
     0 | D:1      | erker the Deep Dwarf Fighter began the quest for the Orb.
     0 | D:1      | Reached XP level 1. HP: 20/20 MP: 1/1
    65 | D:1      | Reached XP level 2. HP: 27/27 MP: 2/2
   446 | D:1      | Reached XP level 3. HP: 33/33 MP: 3/3
   753 | D:2      | Reached skill level 3 in Axes
   941 | D:2      | Reached XP level 4. HP: 33/42 MP: 4/4
  1163 | D:2      | Reached skill level 1 in Dodging
  1431 | D:2      | Reached skill level 4 in Axes
  1448 | D:2      | You fall through a shaft!
  1509 | D:3      | Found a blossoming altar of Fedhas.
  1676 | D:3      | Reached XP level 5. HP: 31/49 MP: 5/5
  2616 | D:4      | Found a staircase to the Ecumenical Temple.
  2676 | D:4      | Reached skill level 5 in Axes
  2691 | D:4      | Reached XP level 6. HP: 30/56 MP: 5/5
  2945 | D:4      | Noticed Dowan
  2954 | D:4      | Killed Dowan
  2958 | D:4      | Noticed Duvessa
  3048 | D:4      | Reached skill level 6 in Axes
  3048 | D:4      | Reached XP level 7. HP: 13/62 MP: 6/6
  3085 | D:4      | Killed Duvessa
  3166 | D:4      | Found a shimmering altar of Xom.
  3258 | D:5      | Entered Level 5 of the Dungeon
  3316 | D:5      | Reached skill level 1 in Evocations
  3340 | D:5      | Found a glowing silver altar of Zin.
  3342 | D:5      | Noticed an angel
  3344 | D:5      | Found a shimmering altar of Xom.
  3381 | D:5      | Reached skill level 7 in Axes
  3509 | D:5      | Found a glowing golden altar of the Shining One.
  3509 | D:5      | Found a sparkling altar of Nemelex Xobeh.
  3573 | D:5      | Found a shadowy altar of Dithmenos.
  3643 | D:5      | Reached skill level 5 in Shields
  3797 | D:5      | Reached skill level 5 in Armour
  4224 | D:6      | Noticed Sigmund
  4238 | D:6      | Killed Sigmund
  4238 | D:6      | Reached XP level 8. HP: 20/70 MP: 0/7
  4347 | D:6      | Reached skill level 8 in Axes
  4719 | D:6      | Reached skill level 9 in Axes
  4719 | D:6      | Gained mutation: You passively map the area around you.
                  | [Deep Dwarf growth]
  4719 | D:6      | Reached XP level 9. HP: 26/78 MP: 9/9
  4757 | D:6      | Reached skill level 5 in Evocations
  4848 | Temple   | Entered the Ecumenical Temple
  5141 | D:6      | HP: 3/78 [orc priest/divine providence (14)]
  5632 | D:7      | Found a radiant altar of Vehumet.
  5633 | D:7      | Found a sacrificial altar of Ru.
  5641 | D:7      | HP: 3/78 [something (24)]
  5694 | D:7      | Reached skill level 10 in Axes
  6358 | D:8      | Noticed a hand axe
  6359 | D:8      | Noticed a dagger
  6362 | D:8      | Found a hide-covered altar of Uskayaw.
  6386 | D:8      | Found a hazy altar of Hepliaklqana.
  6452 | D:8      | Reached skill level 11 in Axes
  6452 | D:8      | Reached XP level 10. HP: 49/87 MP: 9/9
  6522 | D:8      | Found a staircase to the Lair.
  6899 | D:8      | Found a burning altar of Makhleb.
  6904 | D:8      | Became a worshipper of Makhleb the Destroyer
  7202 | D:9      | Noticed Grum
  7220 | D:9      | Killed Grum
  7622 | D:9      | Reached * piety under Makhleb
  7714 | D:9      | Noticed Psyche
  7719 | D:9      | Killed Psyche
  7719 | D:9      | Reached skill level 5 in Fighting
  7810 | D:10     | Entered Level 10 of the Dungeon
  8021 | D:10     | Noticed Urug
  8022 | D:10     | Noticed Urug
  8022 | D:10     | Urug changed into Urug the salamander
  8024 | D:10     | Noticed Urug
  8024 | D:10     | Urug the salamander changed into Urug the orb spider
  8025 | D:10     | Killed Urug the orb spider
  8025 | D:10     | Reached skill level 12 in Axes
  8153 | D:10     | Reached XP level 11. HP: 34/96 MP: 11/11
  8595 | D:11     | Reached ** piety under Makhleb
  8630 | D:11     | Noticed a green ugly thing
  8641 | D:11     | Killed a green ugly thing
  8744 | D:11     | Noticed Snorg
  8791 | D:11     | Found a corrupted altar of Lugonu.
  8847 | D:11     | Killed an unseen horror
  8986 | D:12     | Reached *** piety under Makhleb
  9009 | D:12     | Reached skill level 13 in Axes
  9024 | D:12     | Noticed Rupert
  9051 | D:12     | Noticed a two-headed ogre
  9059 | D:12     | Killed Rupert
  9059 | D:12     | Reached skill level 10 in Evocations
  9063 | D:12     | Killed a two-headed ogre
  9063 | D:12     | Reached XP level 12. HP: 100/106 MP: 12/12
  9198 | D:12     | Noticed a seven-headed hydra
  9279 | D:12     | Reached skill level 1 in Long Blades
  9456 | D:12     | Got a spiked leather armour
  9467 | D:12     | Identified the cursed +0 leather armour of Light {Slay+2}
                  | (You found it on level 12 of the Dungeon)
  9820 | D:12     | Found a staircase to the Orcish Mines.
  9916 | D:13     | Found a gate to the Vaults.
  9916 | D:13     | Noticed Nessos
  9916 | D:13     | Noticed a two-headed ogre
  9916 | D:13     | Noticed a centaur warrior
  9982 | D:11     | Reached skill level 5 in Long Blades
 10213 | D:11     | Killed Snorg
 10267 | D:11     | Reached **** piety under Makhleb
 10439 | Lair:1   | Entered Level 1 of the Lair of Beasts
 10834 | Lair:1   | Slain by a komodo dragon

Skill      XL: |  1  2  3  4  5  6  7  8  9 10 11 12 |
---------------+-------------------------------------+-----
Axes           | 3 4 5 6 7 9 11 12 13 | 13.5
Fighting       | 3 4 5 6 |  6.9
Dodging        | 1 2 3 |  3.9
Armour         | 4 5 6 7 9 |  9.3
Shields        | 4 5 6 7 8 |  8.8
Evocations     | 2 4 6 8 10 | 10.2
Long Blades    | 7 |  7.6

Action                   |  1- 3 |  4- 6 |  7- 9 | 10-12 || total
-------------------------+-------+-------+-------+-------++-------
Melee: War axe           |   120 |    64 |   108 |   669 ||   961
       Hand axe          |       |   120 |   305 |       ||   425
       Double sword      |       |       |       |    30 ||    30
       Unarmed           |       |       |       |     1 ||     1
       Broad axe         |       |       |       |    13 ||    13
Throw: Javelin           |       |     3 |     8 |    20 ||    31
 Abil: Heal Wounds       |       |     2 |    13 |    17 ||    32
Evoke: Wand              |       |       |    38 |    55 ||    93
  Use: Scroll            |       |       |    10 |     7 ||    17
       Potion            |       |       |     6 |     6 ||    12
 Stab: Paralysed         |       |       |     5 |       ||     5
  Eat: Chunk             |       |     7 |    11 |    19 ||    37
Armor: Scale mail        |    47 |    63 |    99 |       ||   209
       Plate armour      |       |       |    15 |   298 ||   313
       Skin              |       |       |       |     1 ||     1
Dodge: Dodged            |    41 |    65 |    94 |   153 ||   353
Block: Shield            |    51 |   100 |   174 |   351 ||   676
       Rpst.: Double sword |       |       |       |     3 ||     3
